 Dungeon Crawl Stone Soup version 0.29-a0-344-ge2f44be95a (webtiles) character file.

Game seed: 16649294950075168842

9702 spaghetti the Metallomancer (level 11, -6/81 HPs)
             Began as a Deep Dwarf Earth Elementalist on Apr 22, 2022.
             Was an Elder of Makhleb.
             Mangled by an orc warlord
             ... wielding a +0 war axe
              (21 damage)
             ... in a bailey.
             The game lasted 00:28:47 (11977 turns).

spaghetti the Metallomancer (DDEE)                 Turns: 11977, Time: 00:28:47

Health: -6/81      AC: 13    Str: 12    XL:     11   Next: 26%
Magic:  2/13       EV: 12    Int: 20    God:    Makhleb [****..]
Gold:   689        SH:  4    Dex: 13    Spells: 5/13 levels left

rFire   . . .      SeeInvis .   b - +10 scimitar of Hytuepsi {freeze, Stlth+, long}
rCold   + + .      Faith    .   (no shield)
rNeg    . . .      Spirit   .   j - +0 robe
rPois   .          Reflect  .   l - +0 helmet
rElec   .          Harm     .   e - +3 cloak of the Merchant {rC++}
rCorr   .          Rampage  .   (no gloves)
Will    +....      Rage     1%  Q - +1 pair of boots
Stlth   +++.......              (no amulet)
HPRegen 0.00/turn               z - ring of wizardry
MPRegen 0.13/turn               H - +4 ring of protection

@: no status effects
A: damage resistance, heal wounds, sense surroundings 2, no regeneration, large
bone plates 1, berserk 1
a: Heal Wounds, Renounce Religion, Minor Destruction, Lesser Servant of Makhleb,
Major Destruction


You were in a bailey.
You worshipped Makhleb.
Makhleb was greatly pleased with you.
You visited 1 branch of the dungeon, and saw 10 of its levels.
You also visited: Bailey.

You collected 689 gold pieces.


Innate Abilities, Weirdness & Mutations

You are resistant to damage.
You can heal yourself by infusing magical energy.
You passively map the area around you.
You do not regenerate.
You are partially covered in large bone plates. (SH +4)
You tend to lose your temper in combat.


   Skills:
 - Level 2.1 Dodging
 - Level 2.4 Stealth
 - Level 1.7 Spellcasting
 - Level 0.8 Transmutations
 + Level 21.4 Earth Magic
 - Level 6.0 Evocations


You had 5 spell levels left.
You knew the following spells:

 Your Spells              Type           Power      Damage    Failure   Level
a - Sandblast             Erth           100%       2d20      0%          1
b - Stone Arrow           Conj/Erth      88%        3d12      1%          3
c - Petrify               Tmut/Erth      46%        N/A       1%          4

Your spell library contained the following spells:

 Spells                   Type           Power      Damage    Failure   Level
 Passwall                 Tmut/Erth      38%        N/A       1%          2
 Freeze                   Ice            4%         1d3       6%          1
 Corpse Rot               Necr/Air       2%         N/A       10%         2
 Poisonous Vapours        Pois/Air       2%         N/A       10%         2
 Ignite Poison            Fire/Tmut/Pois 2%         N/A       17%         3
 Conjure Flame            Conj/Fire      1%         6-21      19%         3
 Frozen Ramparts          Ice            2%         1d2       19%         3
 Hailstorm                Conj/Ice       1%         3d3       52%         4
 Sticky Flame             Conj/Fire      1%         2d3       52%         4

Inventory:

Hand Weapons
 a - a +1 hunting sling of flaming {sling}
   (You found it on level 1 of the Dungeon)
 b - the +10 scimitar of Hytuepsi (weapon) {freeze, Stlth+, long}
   (You found it on level 8 of the Dungeon)

   It freezes those it strikes, dealing additional cold damage.
   It can also slow down cold-blooded creatures.
   Stlth:     It makes you more stealthy.
 C - a +2 scimitar of flaming {long}
   (You took it off Erica on level 8 of the Dungeon)
Missiles
 f - 115 stones {throwing}
 x - 2 atropa-tipped darts {throwing}
 B - 24 boomerangs {throwing}
 G - 16 poisoned darts {throwing}
 Z - a curare-tipped dart {=fthrowing}
Armour
 e - the +3 cloak of the Merchant (worn) {rC++}
   (You acquired it on level 7 of the Dungeon)

   rC:        It greatly protects you from cold.
 j - a +0 robe (worn)
 l - a +0 helmet (worn)
   (You took it off Robin on level 4 of the Dungeon)
 s - a +0 pair of boots
   (You found it on level 2 of the Dungeon)
 y - the +7 ring mail "Kiunaum" {Rampage Drain rC++ rCorr}
   (You found it on level 3 of the Dungeon)

   rC:        It greatly protects you from cold.
   rCorr:     It protects you from acid and corrosion.
   Drain:     It drains your maximum health when unequipped.
   Rampage:   It bestows one free step when moving towards enemies.
 O - the +0 cloak of Dodexa {rN+}
   (You found it on level 6 of the Dungeon)

   rN:        It protects you from negative energy.
 Q - a +1 pair of boots (worn)
   (You found it on level 7 of the Dungeon)
Jewellery
 z - a ring of wizardry (left hand)
   (You found it on level 3 of the Dungeon)
 H - a +4 ring of protection (right hand)
   (You found it on level 5 of the Dungeon)
 I - a +6 ring of strength
   (You found it on level 5 of the Dungeon)
 J - a ring of flight
   (You found it on level 6 of the Dungeon)
 L - a ring of poison resistance
   (You took it off an orc on level 6 of the Dungeon)
 P - the amulet of the Air {Inacc Air Fly rElec RMsl}
   (You found it on level 7 of the Dungeon)

   [amulet of nothing]

   It reduces the accuracy of all your attacks.
   It enhances your air magic.
   rElec:     It insulates you from electricity.
   Fly:       It grants you flight.
   RMsl:      It protects you from missiles.
Wands
 n - a wand of mindburst (26)
   (You found it on level 7 of the Dungeon)
 t - a wand of flame (20)
   (You found it on level 3 of the Dungeon)
 K - a wand of charming (7)
   (You found it on level 6 of the Dungeon)
 S - a wand of iceblast (7)
   (You found it on level 8 of the Dungeon)
 Y - a wand of polymorph (6)
   (You found it on level 9 of the Dungeon)
Scrolls
 c - a scroll of blinking {!r}
 d - 8 scrolls of enchant weapon
 k - 3 scrolls of teleportation {@r4}
 m - 3 scrolls of identify {@r1}
 p - 2 scrolls of vulnerability {!r!r}
 u - a scroll of amnesia
 w - 2 scrolls of magic mapping {!r}
 A - 5 scrolls of fog
 E - a scroll of holy word
 T - a scroll of fear
 V - a scroll of immolation {!r!r}
Potions
 o - 6 potions of curing {@q1}
 r - a potion of haste {@q3}
 v - 5 potions of degeneration {!q@e2}
 M - 3 potions of lignification {!q}
 N - 2 potions of mutation {!q}
 R - a potion of magic
 X - 5 potions of heal wounds {@q2}

Dungeon Overview and Level Annotations

Branches:
Dungeon (10/15)            Temple (0/1) D:4          Bailey (1/1)
   Lair: D:8-11         Orc: D:9-12

Altars:
Elyvilon
Gozag
Hepliaklqana
Makhleb
Qazlal
Ru
Sif Muna
Uskayaw
Wu Jian
Yredelemnul
Zin

Shops:
D:5 [

Annotations:
D:9 exclusion: electric eel

##..8..8...#≈≈≈≈≈#.....
#..........#≈≈≈≈≈#.....
#........).'.....'....8
#...8......#########...
##......####≈≈≈#≈≈≈##..
##.....#≈≈#≈.....}≈#..
##)...#≈........!≈#..
#..o##≈8.8...8.8##..
#..@'≈≈.........#...
#...'≈≈....∩....#.).
#...'≈≈.........#...
#...##≈8.8...8.8##..
##....#≈........!≈#..
##.....#≈≈#≈.....|≈#..
##......####≈≈≈#≈≈≈##..
#...8......#########...
#..........'..)..'....8


You could see an orc warlord.


Message History

g - Guard the area. f - Follow me.
Anything else - Cancel.
You shout for attention!
There is an open door here.
There is an open translucent gate here.
An orc warlord is nearby!
Casting: Sandblast (safe; 0% risk of failure)
Confirm with . or Enter, or press ? or * to list all spells.
Aiming: Petrify (mildly dangerous; 1% risk of failure)
Press: ? - help, Shift-Dir - straight line, f - orc warlord
Aim: an orc warlord, wielding a +0 war axe and wearing a +0 scale mail (wandering, hasn't noticed you, chance to affect: 34%)
The orc warlord easily resists. 😨 MP[-4]
You lost 4 mp, and now have 9/13 mp.
Casting: Petrify (mildly dangerous; 1% risk of failure)
Confirm with . or Enter, or press ? or * to list all spells.
Aiming: Petrify (mildly dangerous; 1% risk of failure)
Press: ? - help, Shift-Dir - straight line, f/p - orc warlord
Aim: an orc warlord, wielding a +0 war axe and wearing a +0 scale mail (chance to affect: 34%)
The orc warlord is moving more slowly. 😨 MP[-4]
You lost 4 mp, and now have 5/13 mp.
Your +1 hunting sling of flaming {sling} stops flaming.
The +10 scimitar of Hytuepsi {freeze, Stlth+, long} glows with a cold blue light!
b - the +10 scimitar of Hytuepsi (weapon)
{freeze, Stlth+, long} The orc warlord stops moving altogether!
There is an open translucent gate here.
You enter the shallow water.
Moving in this stuff is going to be slow. 😨 MP[+1]
The orc warlord is no longer petrified.
The orc warlord misses you.
The orc warlord hits you with a +0 war axe!!
* * * LOW HITPOINT WARNING * * *
😱 HP[-24]
You take 24 damage, and now have 15/81 hp.
MASSIVE DAMAGE!! (PAUSE) Really read
c - 2 scrolls of blinking {!r}?
Blink to where?
Press: ? - help, Dir - move target, p - orc warlord Splash!
You fall into the shallow water.
Moving in this stuff is going to be slow.
As you read the scroll of blinking {!r}, it crumbles to dust.
Casting: Petrify (mildly dangerous; 1% risk of failure)
Confirm with . or Enter, or press ? or * to list all spells.
Aiming: Petrify (mildly dangerous; 1% risk of failure)
Press: ? - help, Shift-Dir - straight line, f - orc warlord
Aim: an orc warlord, wielding a +0 war axe and wearing a +0 scale mail (chance to affect: 34%)
The orc warlord is moving more slowly. 😱 MP[-4]
You lost 4 mp, and now have 2/13 mp.
Casting: Petrify (mildly dangerous; 1% risk of failure)
Confirm with . or Enter, or press ? or * to list all spells.
You don't have enough magic to cast this spell.
Unknown command.
There is an open translucent gate here. 😱 MP[+1]
There is an open door here. 😱 MP[+1]
You close the door.
Things that are here:
a +0 war axe {axe}; a +0 leather armour
There is an open door here.
Something unseen opens the door.
You close the door. 😱 MP[+1]
You start resting.
An orc warlord opens the door.
It is wielding a +0 war axe.
Casting: Petrify (mildly dangerous; 1% risk of failure)
Confirm with . or Enter, or press ? or * to list all spells.
Aiming: Petrify (mildly dangerous; 1% risk of failure)
Press: ? - help, Shift-Dir - straight line, f/p - orc warlord
Aim: an orc warlord, wielding a +0 war axe and wearing a +0 scale mail (chance to affect: 34%)
The orc warlord easily resists. 😱 MP[-4]
You lost 4 mp, and now have 1/13 mp. 😱 MP[+1] 😱 MP[+1]
Casting: Petrify (mildly dangerous; 1% risk of failure)
Confirm with . or Enter, or press ? or * to list all spells.
You don't have enough magic to cast this spell. 😱 MP[+1]
Casting: Petrify (mildly dangerous; 1% risk of failure)
Confirm with . or Enter, or press ? or * to list all spells.
Aiming: Petrify (mildly dangerous; 1% risk of failure)
Press: ? - help, Shift-Dir - straight line, f/p - orc warlord
Aim: an orc warlord, wielding a +0 war axe and wearing a +0 scale mail (chance to affect: 34%)
The orc warlord easily resists. 😱 MP[-4]
You lost 4 mp, and now have 0/13 mp.
There is an open door here. 😱 MP[+1]
There is an open door here.
Items here: )) [[. 😱 MP[+1]
Things that are here:
a +0 war axe {axe}; a +0 leather armour The orc warlord attacks as you move away!
The orc warlord hits you with a +0 war axe!!
You die...

Skill      XL: |  1  2  3  4  5  6  7  8  9 10 11 |
---------------+----------------------------------+-----
Earth Magic    | 5 6 7 8 10 12 14 17 20 21 | 21.4
Evocations     | 2 6 |  6.0
Dodging        | |  2.1
Stealth        | |  2.4
Spellcasting   | |  1.7
Transmutations | |  0.8

Action                   |  1- 3 |  4- 6 |  7- 9 | 10-12 || total
-------------------------+-------+-------+-------+-------++-------
Melee: Club              |       |       |    14 |     7 ||    21
 Fire: Hunting sling     |    29 |    65 |   130 |   100 ||   324
Throw: Dart              |       |     1 |       |     2 ||     3
 Cast: Sandblast         |    30 |    39 |    68 |   115 ||   252
       Stone Arrow       |       |     2 |    84 |    58 ||   144
       Petrify           |       |       |       |     8 ||     8
 Abil: Heal Wounds       |       |       |     1 |     1 ||     2
Evoke: Wand              |       |     3 |     8 |     3 ||    14
  Use: Potion            |       |       |     4 |    10 ||    14
       Scroll            |       |       |     8 |     6 ||    14
 Stab: Petrified         |       |       |       |     1 ||     1
Armor: Robe              |     8 |     3 |    27 |    32 ||    70
Dodge: Dodged            |     8 |    23 |    57 |    54 ||   142
Block: Other             |       |       |     1 |    14 ||    15

Levels and vault maps discovered:
D:1:      pf_arrival_petrified_forest, layout_loops_ring,
          ebering_ecumenical_altar_sacrificial
D:2:      layout_loops_cross, basic_altar, uniq_natasha
D:3:      layout_loops_cross, lemuel_tele_altar, roderic_serpentine_path
D:4:      layout_gridville, overflow_temple_1_default,
          minmay_temple_entry_statues_pillars, solitary_fountain, uniq_edmund,
          uniq_sigmund, uniq_robin
D:5:      layout_cave_pools, nicolae_hepliaklqana_hippocampus,
          serial_column_ruins, column_ruins_hut_water,
          column_ruins_square_medium, column_ruins_columns_straight,
          column_ruins_open_small, column_ruins_grid_4,
          column_ruins_columns_straight, column_ruins_columns_T,
          column_ruins_grid_3, column_ruins_open_tiny, serial_shops,
          nicolae_shop_window_shopping, serial_bayou_lagoon_a,
          kennysheep_generic_room_6, uniq_eustachio
D:6:      layout_loops_corners, led_sif_book, mainiacjoe_overflow_alcove_2,
          kennysheep_small_square, uniq_maggie
D:7:      layout_gridville, mainiacjoe_overflow_catch_the_wave, grunt_potential
D:8:      layout_layer_cave, nicolae_qazlal_style_of_elements,
          mainiacjoe_overflow_small_starburst, uniq_pikel, uniq_maurice,
          uniq_psyche, uniq_erica, uniq_grum
D:9:      layout_stronghold, mainiacjoe_overflow_paths,
          kennysheep_okawaru_gauntlet, dpeg_lair_monsters,
          minmay_misc_feat_hallway, serial_bayou_ford_a
D:10:     layout_stronghold, enter_bailey_5
Bailey:   bailey_axe_bossmonster_kennysheep, bailey

Notes
Turn   | Place    | Note
-------+----------+-------------------------------------------
     0 | D:1      | spaghetti the Deep Dwarf Earth Elementalist began the quest
                  | for the Orb.
     0 | D:1      | Reached XP level 1. HP: 15/15 MP: 3/3
     0 | D:1      | magus.rc [v1.9.6]
   314 | D:1      | Reached XP level 2. HP: 22/22 MP: 2/4
   318 | D:1      | You pick up a book of Vapours and begin reading...
   318 | D:1      | You add the spells Poisonous Vapours and Corpse Rot to your
                  | library.
   436 | D:1      | Reached skill level 5 in Earth Magic
   529 | D:1      | Found a faded altar of an unknown god.
   892 | D:1      | Reached XP level 3. HP: 28/28 MP: 5/5
  1121 | D:2      | Reached skill level 6 in Earth Magic
  1122 | D:2      | Reached XP level 4. HP: 29/36 MP: 2/6
  1227 | D:2      | Noticed Natasha
  1231 | D:2      | Killed Natasha
  1232 | D:2      | Reached skill level 7 in Earth Magic
  1592 | D:2      | Found a burning altar of Makhleb.
  1607 | D:2      | Became a worshipper of Makhleb the Destroyer
  1734 | D:2      | Noticed Natasha
  1738 | D:2      | Killed Natasha
  1739 | D:2      | Reached XP level 5. HP: 30/42 MP: 5/7
  1743 | D:2      | Learned a level 3 spell: Stone Arrow
  2151 | D:3      | Reached skill level 8 in Earth Magic
  2375 | D:3      | Identified the +7 ring mail "Kiunaum" {Rampage Drain rC++
                  | rCorr}
  2459 | D:3      | Found a hide-covered altar of Uskayaw.
  2662 | D:4      | Reached XP level 6. HP: 34/49 MP: 3/8
  2731 | D:4      | Reached skill level 9 in Earth Magic
  2789 | D:4      | Noticed Sigmund
  2796 | D:4      | Killed Sigmund
  2797 | D:4      | Reached skill level 10 in Earth Magic
  2815 | D:4      | Noticed Edmund
  2847 | D:4      | Reached XP level 7. HP: 26/55 MP: 1/9
  2847 | D:4      | Killed Edmund
  2848 | D:4      | Reached skill level 11 in Earth Magic
  3021 | D:4      | Reached * piety under Makhleb
  3079 | D:4      | Reached skill level 12 in Earth Magic
  3163 | D:4      | Found a glowing silver altar of Zin.
  3285 | D:4      | Noticed Robin
  3295 | D:4      | Killed Robin
  3630 | D:4      | Reached skill level 1 in Evocations
  3746 | D:4      | Found a staircase to the Ecumenical Temple.
  3796 | D:5      | Entered Level 5 of the Dungeon
  3810 | D:5      | Reached skill level 2 in Evocations
  3810 | D:5      | Reached XP level 8. HP: 59/62 MP: 3/10
  3833 | D:5      | Reached skill level 3 in Evocations
  3998 | D:5      | Reached skill level 4 in Evocations
  4096 | D:5      | Reached skill level 13 in Earth Magic
  4139 | D:5      | Learned a level 4 spell: Petrify
  4175 | D:5      | Reached skill level 5 in Evocations
  4188 | D:5      | Reached ** piety under Makhleb
  4422 | D:5      | Reached skill level 6 in Evocations
  4620 | D:5      | Noticed Eustachio
  4627 | D:5      | Killed Eustachio
  4628 | D:5      | Reached skill level 14 in Earth Magic
  4879 | D:5      | Gained mutation: You passively map the area around you.
                  | [Deep Dwarf growth]
  4879 | D:5      | Reached XP level 9. HP: 51/68 MP: 1/11
  5208 | D:5      | Found a hazy altar of Hepliaklqana.
  5251 | D:5      | Found Koleh's Antique Armour Boutique.
  5578 | D:6      | Reached skill level 15 in Earth Magic
  6162 | D:6      | You add the spells Conjure Flame, Ignite Poison and Sticky
                  | Flame to your library.
  6230 | D:6      | Noticed Maggie
  6239 | D:6      | Killed Maggie
  6240 | D:6      | Reached skill level 16 in Earth Magic
  6430 | D:6      | Found a basalt altar of Yredelemnul.
  6465 | D:6      | Identified the +0 cloak of Dodexa {rN+}
  6645 | D:6      | Reached *** piety under Makhleb
  6836 | D:6      | Found a shimmering blue altar of Sif Muna.
  7000 | D:7      | Found a sacrificial altar of Ru.
  7089 | D:7      | Found the amulet of the Air {Inacc Air Fly rElec RMsl}
  7271 | D:7      | Gained mutation: You tend to lose your temper in combat.
                  | [potion of mutation]
  7271 | D:7      | Gained mutation: You are partially covered in large bone
                  | plates. (SH +4) [potion of mutation]
  7280 | D:7      | Reached skill level 17 in Earth Magic
  7351 | D:7      | Found an ornate altar of the Wu Jian Council.
  7647 | D:7      | Identified a scroll of acquirement
  7674 | D:7      | Reached XP level 10. HP: 37/75 MP: 1/12
  7687 | D:7      | Noticed a cyclops
  7696 | D:7      | Killed a cyclops
  7697 | D:7      | Reached skill level 18 in Earth Magic
  8382 | D:8      | Found an opulent altar of Gozag.
  8393 | D:8      | Noticed Maurice
  8489 | D:8      | Killed Maurice
  8490 | D:8      | Reached skill level 19 in Earth Magic
  8632 | D:8      | Noticed Grum
  8633 | D:8      | Reached **** piety under Makhleb
  8634 | D:8      | Noticed Pikel
  8636 | D:8      | Killed Grum
  8896 | D:8      | Noticed Psyche
  8907 | D:8      | Killed Psyche
  9059 | D:8      | You pick up a book of Frost and begin reading...
  9059 | D:8      | You add the spells Freeze, Frozen Ramparts and Hailstorm to
                  | your library.
  9213 | D:8      | Reached skill level 20 in Earth Magic
  9711 | D:8      | Identified the +10 scimitar of Hytuepsi {freeze, Stlth+}
  9746 | D:8      | Found a stormy altar of Qazlal.
  9800 | D:8      | Killed Pikel
  9801 | D:8      | Reached XP level 11. HP: 46/81 MP: 4/13
  9891 | D:8      | Noticed Erica
  9902 | D:8      | Killed Erica
 10675 | D:9      | Found a white marble altar of Elyvilon.
 11053 | D:9      | Noticed a death yak
 11053 | D:9      | Noticed a death yak
 11064 | D:9      | HP: 20/81 [death yak (20)]
 11066 | D:9      | Killed a death yak
 11067 | D:9      | Reached skill level 21 in Earth Magic
 11067 | D:9      | Noticed a death yak
 11069 | D:9      | HP: 19/81 [death yak (16)]
 11132 | D:10     | Entered Level 10 of the Dungeon
 11210 | D:10     | HP: 17/81 [killer bee (4)]
 11235 | D:10     | Found a flagged portal.
 11256 | Bailey   | Entered a bailey
 11482 | Bailey   | Noticed an orc warlord
 11632 | Bailey   | Found a runed translucent gate.
 11635 | Bailey   | Found a runed translucent gate.
 11637 | Bailey   | Found a runed translucent gate.
 11833 | Bailey   | Acquired the +3 cloak of the Merchant {rC++}
 11913 | Bailey   | HP: 15/81 [orc warlord/+0 war axe (24)]
 11977 | Bailey   | Mangled by an orc warlord

Vanquished Creatures
  Erica (D:8)
  A death yak (D:9)
  Pikel (D:8)
  A cyclops (D:7)
  Maurice (D:8)
  Maggie (D:6)
  Psyche (D:8)
  A troll (D:7)
  A hornet (D:8)
  Sigmund (D:4)
  A wyvern (D:8)
  4 yaks (D:8)
  Eustachio (D:5)
  Grum (D:8)
  2 water moccasins (D:7)
  Edmund (D:4)
  3 ice beasts
  3 sky beasts
  7 orc warriors
  A black bear (D:4)
  4 ogres
  2 centaurs (D:7)
  2 wolves
  A phantom (D:7)
  2 lemures (D:8)
  4 kobold brigands
  4 necrophages
  6 scorpions
  17 wights
  3 killer bees (D:10)
  A howler monkey (D:6)
  5 jellies
  4 hounds
  4 orc priests
  2 iguanas
  Natasha (twice) (D:2)
  6 orc wizards
  Robin (D:4)
  11 gnolls
  6 adders
  5 shadow imps
  3 white imps
  An ufetubus (D:4)
  3 worms (D:2)
  A dart slug (D:2)
  32 orcs
  10 ball pythons
  7 endoplasms
  2 giant cockroaches
  18 goblins
  11 hobgoblins
  3 jackals (D:2)
  3 quokkas
  7 bats
  4 frilled lizards
  38 kobolds
  8 rats
277 creatures vanquished.

Vanquished Creatures (collateral kills)
  A gnoll (D:7)
  A worm (D:4)
  An orc (D:5)
3 creatures vanquished.

Vanquished Creatures (others)
  An orc warrior (D:7)
  A wight (D:4)
  5 plants (D:5)
7 creatures vanquished.

Grand Total: 287 creatures vanquished

Table legend:
 A = Non-vault XP
 B = Vault XP
 C = Vault XP percentage of total XP
 D = Non-vault monster count
 E = Vault monster count
 F = Vault count percentage of total count
                 A         B        C        D         E       F
            +---------+---------+-------+---------+---------+-------
      Total |    7051 |    6810 |  49.1 |     211 |      69 |  24.6
            +---------+---------+-------+---------+---------+-------
        D:1 |      42 |       0 |   0.0 |      27 |       0 |   0.0
        D:2 |     141 |      35 |  19.9 |      29 |       1 |   3.3
        D:3 |      74 |       0 |   0.0 |      16 |       0 |   0.0
        D:4 |     653 |     427 |  39.5 |      23 |      14 |  37.8
        D:5 |    1268 |     296 |  18.9 |      23 |       3 |  11.5
        D:6 |     961 |     585 |  37.8 |      27 |       5 |  15.6
        D:7 |    1633 |    1520 |  48.2 |      31 |      10 |  24.4
        D:8 |    1994 |    2540 |  56.0 |      25 |       6 |  19.4
        D:9 |     104 |     793 |  88.4 |       7 |       1 |  12.5
       D:10 |     181 |       7 |   3.7 |       3 |       4 |  57.1
     Bailey |       0 |     607 | 100.0 |       0 |      25 | 100.0
            +---------+---------+-------+---------+---------+-------

Illustrated notes

Table legend:
 A = Kills in this place as a percentage of kills in entire the game.
 B = Kills by you in this place as a percentage of kills by you in the entire game.
 C = Kills by friends in this place as a percentage of kills by friends in the entire game.
 D = Other kills in this place as a percentage of other kills in the entire game.
 E = Experience gained in this place as a percentage of experience gained in the entire game.
 F = Experience gained in this place divided by the number of levels of this place that you have seen.
                   A       B       C       D       E      F
               +-------+-------+-------+-------+-------+----------------------
         Total | 100.0 | 100.0 | 100.0 | 100.0 | 100.0 | 1260.1
       Dungeon |  91.1 |  90.9 | 100.0 | 100.0 |  95.6 | 1325.4
        Bailey |   8.9 |   9.1 |   0.0 |   0.0 |   4.4 | 607.0
               +-------+-------+-------+-------+-------+----------------------

Table legend: (Time is in decaauts)
 A = Elapsed time spent in this place.
 B = Non-inter-level travel time spent in this place.
 C = Inter-level travel time spent in this place.
 D = Time resting spent in this place.
 E = Time spent auto-exploring this place.
 F = Levels seen in this place.
 G = Mean time per level.
                   A        B        C        D        E       F      G
               +--------+--------+--------+--------+--------+-----+--------+
         Total |  12138 |  11844 |    294 |   1264 |   8759 |  11 | 1103.5 |
       Dungeon |  11392 |  11098 |    294 |   1129 |   8408 |  10 | 1139.2 |
        Bailey |    745 |    745 |      0 |    135 |    350 |   1 |  745.0 |
               +--------+--------+--------+--------+--------+-----+--------+

Top non-repeatable levels by time:
     D:8: 2184 daAuts
     D:6: 1717 daAuts
     D:5: 1552 daAuts
     D:7: 1500 daAuts
     D:4: 1153 daAuts
     D:1: 1046 daAuts
     D:2: 828 daAuts
     D:3: 824 daAuts
  Bailey: 745 daAuts
     D:9: 455 daAuts
    D:10: 129 daAuts
